AoeStats
← Jean Veljean

Arabia

510858194Analyzed
1v1 RM · 4h ago on Oct 2, 2026· 29m 42s· 2 players
Game mode
Random Map
Map size
Tiny (2 player)
Population
200
Speed
Normal
Resources
Standard
Victory
Conquest
Starting age
Dark Age
Ending age
Imperial Age
RankedLock teamsTeams togetherTeam positionsShared explorationLock speedFull tech treeHidden civsTurbo modeCheats
Victory
Defeat
🇪🇸 Sicilians · Spain
1037
+17
🇹🇷 Turks · Türkiye
1049
-17
Hocicofregao
6:51 Loom
9:43 Feudal Age
10:31 Double-Bit Axe
10:42 Horse Collar
18:35 Wheelbarrow
22:22 Castle Age
20:30 Scale Barding Armor
20:36 Forging
20:38 Bloodlines
20:36 Gold Mining
21:14 Padded Archer Armor
22:27 Elite Skirmisher
23:09 Fletching
26:36 Bow Saw
26:01 Pikeman
27:30 Iron Casting
27:01 Pikeman
29:56 Chain Barding Armor
Jean Veljean
6:32 Loom
10:01 Feudal Age
17:21 Double-Bit Axe
23:20 Castle Age
21:45 Gold Mining
22:07 Fletching
22:21 Horse Collar
23:00 Stone Mining
23:46 Bloodlines
29:19 Scale Barding Armor
29:38 Town Watch
Connection lost

Rejoining the realm…

Still unreachable

The connection could not be restored.

Session expired

The server has moved on; the page needs a fresh start.